 Dungeon Sprint DCSS version 0.24-a0-170-gd8427f5 (webtiles) character file.

Game seed: 7875159758727027307

751 Dfrag the Arsonist (level 7, -24/55 HPs)
             Began as a Naga Fire Elementalist on Mar 10, 2019.
             Was a Believer of Vehumet.
             Engulfed by a cloud of flame (31 damage)
             ... in the Dungeon (Sprint IV: "Fedhas' Mad Dash").
             The game lasted 00:03:14 (1520 turns).

Dfrag the Arsonist (Naga Fire Elementalist)         Turns: 1520, Time: 00:03:14

Health: -24/55     AC:  3    Str: 10    XL:     7   Next: 78%
Magic:  8/19       EV: 10    Int: 17    God:    Vehumet [**....]
Gold:   86         SH:  0    Dex: 12    Spells: 4/24 levels left

rFire    . . .     SeeInvis +   (no weapon)
rCold    . . .     Gourm    .   (no shield)
rNeg     . . .     Faith    .   a - +0 robe
rPois    +         Spirit   .   (no helmet)
rElec    .         Reflect  .   (no cloak)
rCorr    .         Harm     .   (no gloves)
MR       .....     NoTele   +   (no barding)
Stlth    ++........             b - amulet of invisibility {+Inv}
HPRegen  0.18/turn              (no ring)
MPRegen  0.16/turn              (no ring)

@: very slow
A: large, see invisible, deformed body, poison resistance, slowness 2, slow
metabolism 1, spit poison 1, AC +2
a: Spit Poison, Renounce Religion, Evoke Invisibility


You were in the Dungeon.
You worshipped Vehumet.
Vehumet was pleased with you.
You were not hungry.

You visited 1 branch You collected 86 gold pieces.

Inventory:

Armour
 a - a +0 robe (worn)
Jewellery
 b - the amulet of invisibility (around neck) {+Inv}
   (You found it in the Dungeon)

   [amulet of nothing]

   It lets you turn invisible.
Scrolls
 i - a scroll of blinking
 j - a scroll of fear {unknown}
Potions
 d - a potion of curing
 e - a potion of heal wounds
 f - 2 potions of haste
 g - 2 potions of magic
 h - a potion of berserk rage
Comestibles
 c - a ration


   Skills:
 - Level 1.5 Dodging
 - Level 3.0 Stealth
 + Level 9.0 Spellcasting
 + Level 9.6 Conjurations
 + Level 10.0 Fire Magic


You had 4 spell levels left.
You knew the following spells:

 Your Spells              Type           Power        Failure   Level  Hunger
a - Flame Tongue          Conj/Fire      #####        1%          1    None
b - Conjure Flame         Conj/Fire      #####...     1%          3    None
c - Sticky Flame          Conj/Fire      #####...     1%          4    ###....
d - Fireball              Conj/Fire      #####.....   4%          5    #####..
e - Throw Flame           Conj/Fire      #####.       1%          2    None
f - Throw Frost           Conj/Ice       ###...       1%          2    None
g - Inner Flame           Hex/Fire       ###.....     3%          3    None

Your spell library contained the following spells:

 Spells                   Type           Power        Failure   Level  Hunger
 Searing Ray              Conj           #####.       1%          2    None


Dungeon Overview and Level Annotations

Branches:
Dungeon (1/1)

Altars:
Cheibriados
Dithmenos
Elyvilon
Gozag
Hepliaklqana
Kikubaaqudgha
Makhleb
Nemelex Xobeh
Okawaru
Qazlal
Ru
Sif Muna
Trog
Uskayaw
Vehumet
Wu Jian
Xom
Yredelemnul
Zin
The Shining One
Beogh
Jiyva
Lugonu

Shops:
D *(


Innate Abilities, Weirdness & Mutations

You cannot wear boots.
Your serpentine skin is tough. (AC +2)
You have supernaturally acute eyesight. (SInv)
Armour fits poorly on your strangely shaped body.
Your system is resistant to poisons. (rPois)
You cover ground very slowly.
You have a slow metabolism.
You can spit poison.


Message History

Casting: Fireball (safe; 5% risk of failure)
Confirm with . or Enter, or press ? or * to list all spells.
Aiming: Sticky Flame (safe; 1% risk of failure)
Press: ? - help, Shift-Dir - straight line, f/p - killer bee
Aim: a killer bee (almost dead, berserk, fast, unusually strong, inner flame)
The sticky flame hits the killer bee!
The killer bee explodes!
The fiery explosion engulfs the killer bee!
You kill the killer bee!
Vehumet accepts your kill.
You feel your power returning. The fiery explosion engulfs you!!
Ouch! That really hurt!
* * * LOW HITPOINT WARNING * * *
Vehumet accepts your kill.
Vehumet offers you knowledge of Searing Ray.
Your Spellcasting skill increases to level 9!
Your Fire Magic skill increases to level 10!
You are engulfed in blazing flames.
Ouch! That really hurt!
You die...

#########################
#<..P#.....#.....#.⌠._._.
#PP..'.†...'.#[[.'.._._._
#PPPP#.....#.#...#..._._.
###############'##.._._._
♣y§.@....'...#._._._.
%.y..§♣§....#...########
.....♣..♣..###### #+##
#+#####


You could see a queen bee and a killer bee.

Vanquished Creatures
  2 wandering mushrooms (D)
  2 scorpions (D)
  2 killer bees (D)
  4 oklob saplings (D)
  A worker ant (D)
  2 spriggans (D)
  A river rat (D)
  A rat (D)
15 creatures vanquished.

Notes
Turn   | Place    | Note
-------+----------+-------------------------------------------
     0 | D        | Dfrag the Naga Fire Elementalist began the quest for the
                  | Orb.
     0 | D        | Reached XP level 1. HP: 15/15 MP: 3/3
     7 | D        | Reached XP level 2. HP: 22/22 MP: 1/5
    99 | D        | Noticed an oklob sapling
   101 | D        | Killed an oklob sapling
   101 | D        | Reached skill level 4 in Fire Magic
   101 | D        | Reached XP level 3. HP: 28/28 MP: 4/8
   138 | D        | Found the amulet of invisibility {+Inv}
   142 | D        | Reached skill level 5 in Fire Magic
   142 | D        | Reached XP level 4. HP: 22/36 MP: 3/10
   147 | D        | Learned a level 3 spell: Conjure Flame
   152 | D        | Learned a level 4 spell: Sticky Flame
   155 | D        | Learned a level 2 spell: Throw Flame
   257 | D        | Found an opulent altar of Gozag.
   257 | D        | Found a hazy altar of Hepliaklqana.
   257 | D        | Found a roughly hewn altar of Beogh.
   257 | D        | Found a snail-covered altar of Cheibriados.
   260 | D        | Found a viscous altar of Jiyva.
   260 | D        | Found a burning altar of Makhleb.
   260 | D        | Found a sparkling altar of Nemelex Xobeh.
   260 | D        | Found a sacrificial altar of Ru.
   260 | D        | Found a deep blue altar of Sif Muna.
   260 | D        | Found a bloodstained altar of Trog.
   260 | D        | Found an ornate altar of the Wu Jian Council.
   260 | D        | Found a shimmering altar of Xom.
   260 | D        | Found a basalt altar of Yredelemnul.
   260 | D        | Noticed an oklob sapling priest
   261 | D        | Found an iron altar of Okawaru.
   261 | D        | Found a shadowy altar of Dithmenos.
   261 | D        | Found a glowing silver altar of Zin.
   262 | D        | Found an ancient bone altar of Kikubaaqudgha.
   262 | D        | Found a hide-covered altar of Uskayaw.
   263 | D        | Found a stormy altar of Qazlal.
   263 | D        | Found a white marble altar of Elyvilon.
   263 | D        | Found a glowing golden altar of the Shining One.
   264 | D        | Found a corrupted altar of Lugonu.
   264 | D        | Found a radiant altar of Vehumet.
   269 | D        | Killed an oklob sapling priest
   269 | D        | Reached skill level 5 in Spellcasting
   269 | D        | Reached skill level 5 in Conjurations
   269 | D        | Reached skill level 6 in Fire Magic
   277 | D        | Became a worshipper of Vehumet
   523 | D        | Reached XP level 5. HP: 34/42 MP: 5/13
   598 | D        | Reached skill level 7 in Fire Magic
   599 | D        | Reached * piety under Vehumet
   599 | D        | Offered knowledge of Sting by Vehumet.
   613 | D        | Reached XP level 6. HP: 39/49 MP: 6/15
   620 | D        | Learned a level 5 spell: Fireball
   671 | D        | Found Dugurr's Antique Weapon Shop.
   671 | D        | Found Biulimm's Assorted Antiques.
   678 | D        | Noticed a burning bush
   678 | D        | Noticed a wandering mushroom
   679 | D        | Noticed a wandering mushroom
   880 | D        | Killed a wandering mushroom
   880 | D        | Offered knowledge of Throw Frost by Vehumet.
   880 | D        | Reached skill level 8 in Fire Magic
   974 | D        | Killed a wandering mushroom
   974 | D        | Reached ** piety under Vehumet
   974 | D        | Reached skill level 9 in Fire Magic
   974 | D        | Reached XP level 7. HP: 55/55 MP: 12/19
  1135 | D        | Learned a level 2 spell: Throw Frost
  1512 | D        | Learned a level 3 spell: Inner Flame
  1516 | D        | Noticed a queen bee
  1520 | D        | Offered knowledge of Searing Ray by Vehumet.
  1520 | D        | Reached skill level 10 in Fire Magic
  1520 | D        | Engulfed by a cloud of flame

Levels and vault maps discovered:
D:        dungeon_sprint_fedhas [sprint_temple]

Skill      XL: |  1  2  3  4  5  6  7 |
---------------+----------------------+-----
Conjurations   | 2 3 4 5 6 9 |  9.6
Spellcasting   | 3 4 5 6 8 9 |  9.0
Fire Magic     | 4 5 6 7 9 10 | 10.0
Dodging        | |  1.5
Stealth        | |  3.0

Action                   |  1- 3 |  4- 6 |  7- 9 || total
-------------------------+-------+-------+-------++-------
Melee: Unarmed           |    10 |     4 |       ||    14
 Cast: Flame Tongue      |    10 |    38 |     4 ||    52
       Sticky Flame      |       |     3 |     1 ||     4
       Conjure Flame     |       |     1 |       ||     1
       Throw Frost       |       |       |    11 ||    11
       Fireball          |       |       |     3 ||     3
       Throw Flame       |       |       |     2 ||     2
       Inner Flame       |       |       |     1 ||     1
 Abil: Spit Poison       |     1 |     8 |       ||     9
       Evoke Invisibilit |       |     1 |       ||     1
  Eat: Ration            |       |       |     1 ||     1
Armor: Robe              |     1 |     1 |       ||     2
Dodge: Dodged            |     8 |     5 |       ||    13

Table legend:
 A = Non-vault XP
 B = Vault XP
 C = Vault XP percentage of total XP
 D = Non-vault monster count
 E = Vault monster count
 F = Vault count percentage of total count
                 A         B        C        D         E       F
            +---------+---------+-------+---------+---------+-------
      Total |       0 |    1073 | 100.0 |       0 |      15 | 100.0
            +---------+---------+-------+---------+---------+-------
          D |       0 |    1073 | 100.0 |       0 |      15 | 100.0
            +---------+---------+-------+---------+---------+-------
